 Dungeon Crawl Stone Soup version 0.30-a0-1114-gd936c97349 (webtiles) character file.

Game seed: 5984350042509912487

3334 jasper the Poker (level 9, -2/63 HPs)
             Began as a Mummy Necromancer on Apr 20, 2023.
             Was an Elder of Hepliaklqana.
             Slain by Amaemon
             ... wielding a -1 demon whip of venom
              (4 damage)
             ... on level 8 of the Dungeon.
             The game lasted 00:12:27 (8166 turns).

jasper the Poker (Mummy Necromancer)                Turns: 8166, Time: 00:12:28

Health: -2/63      AC: 11    Str: 12    XL:     9   Next: 71%
Magic:  13/13      EV: 11    Int: 25    God:    Hepliaklqana [****..]
Gold:   302        SH:  0    Dex:  9    Spells: 6/14 levels left

rFire   . . .      SeeInvis +    k - +0 trident
rCold   + + .      Faith    +    (no shield)
rNeg    + + +      Spirit   .    o - +3 leather armour "Moumm" {Drain rF+ rC+ Int+7 Dex-3}
rPois   ∞          Reflect  .    d - +1 helmet
rElec   .          Rampage  .    i - +0 cloak
rCorr   .                        u - +0 pair of gloves
Will    +....                    (no boots)
Stlth   +                        (no amulet)
HPRegen 0.30/turn                p - ring of see invisible
MPRegen 0.13/turn                t - ring of flight

@: flying
A: reduced essence, cold resistance 1, negative energy resistance 3, torment
resistance 2, heat vulnerability 1, in touch with death 1, no potions, faith
a: Renounce Religion, Recall Ancestor, Ancestor Identity, Transference, Idealise


You were on level 8 of the Dungeon.
You worshipped Hepliaklqana.
Hepliaklqana was greatly pleased with you.
You visited 1 branch of the dungeon, and saw 8 of its levels.

You collected 302 gold pieces.

Inventory:

Hand Weapons
 b - a +0 spear
 c - a +0 rapier of electrocution
 k - a +0 trident (weapon)
Missiles
 g - 56 stones
Armour
 a - a +0 robe
 d - a +1 helmet (worn)
 e - a +0 ring mail
 i - a +0 cloak (worn)
 m - a +1 scale mail of cold resistance
 o - the +3 leather armour "Moumm" (worn) {Drain rF+ rC+ Int+7 Dex-3}
   (You found it on level 4 of the Dungeon)

   Int:       It affects your intelligence (+7).
   Dex:       It affects your dexterity (-3).
   rF:        It protects you from fire.
   rC:        It protects you from cold.
   Drain:     It drains your maximum health when unequipped.
 u - a +0 pair of gloves (worn)
 v - a +0 pair of boots
 A - a +0 cloak
Jewellery
 p - a ring of see invisible (left hand)
 t - a ring of flight (right hand)
Wands
 w - a wand of flame (26)
 y - a wand of digging (4)
Scrolls
 f - 3 scrolls of immolation
 h - 2 scrolls of enchant armour
 j - 2 scrolls of teleportation
 l - 3 scrolls of poison
 n - a scroll of fog
 q - a scroll of magic mapping
 r - a scroll of noise {unknown}
 s - 4 scrolls of silence {unknown}
 x - a scroll of vulnerability {unknown}
 z - a scroll of enchant weapon {unknown}


   Skills:
 + Level 6.3 Fighting
 * Level 7.7 Polearms
 + Level 4.8 Armour
 - Level 2.3 Dodging
 - Level 1.5 Stealth
 - Level 3.0 Spellcasting
 - Level 6.0 Necromancy


You had 6 spell levels left.
You knew the following spells:

 Your Spells              Type           Power      Damage    Failure   Level
a - Necrotise             Necr           100%       1d9       1%          1
b - Vampiric Draining     Necr           50%        2d9       3%          3
c - Animate Dead          Necr           50%        N/A       11%         4

Your spell library contained the following spells:

 Spells                   Type           Power      Damage    Failure   Level
 Magic Dart               Conj           12%        1d3       13%         1
 Sting                    Tmut/Pois      12%        1d3       13%         1
 Call Imp                 Summ           6%         N/A       19%         2
 Poisonous Vapours        Pois/Air       6%         N/A       19%         2
 Searing Ray              Conj           6%         2d4       19%         2
 Agony                    Necr           50%        N/A       30%         5
 Mephitic Cloud           Conj/Pois/Air  3%         N/A       36%         3
 Vhi's Electric Charge    Tloc/Air       6%         N/A       36%         3
 Fulminant Prism          Conj/Hex       1%         3d5       77%         4
 Olgreb's Toxic Radiance  Pois           3%         N/A       77%         4
 Arcjolt                  Conj/Air       1%         1d11      98%         5
 Plasma Beam              Fire/Air       1%         2x1d12    100%        6


Dungeon Overview and Level Annotations

Branches:
Dungeon (8/15)             Temple (0/1) D:6
   Lair: D:8-11

Altars:
Fedhas
Gozag
Hepliaklqana
Kikubaaqudgha
Makhleb
Sif Muna
Trog

Portals:
Abyss: D:7

Annotations:
D:5 1 transporter, bearlyready's ghost, novice GnRe
D:7 2 transporters, superbruh's ghost, novice MiFi
D:8 Amaemon


Innate Abilities, Weirdness & Mutations

Your life essence is reduced to manifest your ancestor. (-10% HP)
You are immune to poison.
Your flesh is cold resistant. (rC+)
You are immune to negative energy. (rN+++)
You are immune to unholy pain and torment.
You are vulnerable to heat. (rF-)
You are in touch with the powers of death.
You do not drink.
You have a special connection with the divine. (Faith)


Message History

Press: ? - help, Dir - move target, f/p - Amaemon
Aim: Amaemon, wielding a -1 demon whip of venom (heavily wounded, not watching you, ally target, about 47% to evade your +0 trident)
You reach to attack!
You barely miss Amaemon.
Amaemon is heavily wounded.
Amaemon hits Anedjib with a -1 demon whip of venom!
Amaemon closely misses Anedjib.
Amaemon tail-slaps Anedjib but does no damage.
Reach: k) +0 trident
Press: ? - help, Dir - move target, f/p - Amaemon
Aim: Amaemon, wielding a -1 demon whip of venom (heavily wounded, ally target, about 47% to evade your +0 trident)
You reach to attack!
You hit Amaemon but do no damage.
Amaemon is heavily wounded.
Amaemon closely misses Anedjib. x2
Amaemon tail-slaps Anedjib but does no damage.
Anedjib hits Amaemon with a +0 flail!
Okay, then.
Okay, then.
Unknown command.
Unknown command.
Reach: k) +0 trident
Press: ? - help, Dir - move target, f/p - Amaemon
Aim: Amaemon, wielding a -1 demon whip of venom (severely wounded, ally target, about 47% to evade your +0 trident)
You reach to attack!
You hit Amaemon but do no damage.
Amaemon is severely wounded.
Anedjib blocks Amaemon's attack.
Amaemon claws Anedjib.
Anedjib is destroyed!
Okay, then.
Aiming: Throw Flame
Press: ? - help, Shift-Dir - straight line, f/p - Amaemon
Aim: Amaemon, wielding a -1 demon whip of venom (severely wounded, 60% to hit)
The puff of flame hits Amaemon but does no damage.
Amaemon is severely wounded.
Aiming: Throw Flame
Press: ? - help, Shift-Dir - straight line, f/p - Amaemon
Aim: Amaemon, wielding a -1 demon whip of venom (severely wounded, 60% to hit)
The puff of flame misses Amaemon.
Amaemon hits you with a -1 demon whip of venom!
* * * LOW HITPOINT WARNING * * *
Amaemon claws you.
You die...

#.....#....####
##...........#
##............#
#.............#
#..............#
##..............##
..####.?................
#.....6..........###...
#..#..@........### ..
#..............#
##..##.....##### ###
#######


You could see Amaemon.

Vanquished Creatures
  Pikel (D:6)
  A water moccasin (D:7)
  2 orc warriors (D:6)
  A sky beast (D:6)
  A phantom (D:5)
  2 centaurs
  A kobold brigand (D:5)
  A bullfrog (D:7)
  3 scorpions
  4 killer bees (D:7)
  4 howler monkeys
  Crazy Yiuf (D:7)
  A jelly (D:5)
  An orc priest (D:4)
  2 hounds
  2 sleepcaps (D:4)
  2 iguanas
  3 orc wizards
  Robin (D:2)
  7 adders
  A shadow imp (D:7)
  2 white imps
  A worm (D:2)
  6 dart slugs
  12 orcs
  8 ball pythons
  8 endoplasms
  2 giant cockroaches
  17 goblins
  9 hobgoblins
  2 jackals (D:1)
  A quokka (D:4)
  6 bats
  9 frilled lizards
  6 kobolds
  2 rats
133 creatures vanquished.

Vanquished Creatures (collateral kills)
  An orange demon (D:8)
  A spriggan (D:7)
  A black bear (D:5)
  A centaur (D:5)
  A phantom (D:5)
  A killer bee (D:7)
  3 howler monkeys
  A jelly (D:6)
  2 iguanas
  4 orc wizards
  2 adders
  An ufetubus (D:4)
  2 worms (D:4)
  A dart slug (D:3)
  12 orcs
  A giant cockroach (D:4)
  A goblin (D:7)
  A kobold (D:5)
  3 ball pythons
40 creatures vanquished.

Vanquished Creatures (others)
  4 knights
  4 kobold zombies (D:5)
  An orc zombie (D:5)
  2 plants (D:5)
  4 withered plants (D:5)
15 creatures vanquished.

Grand Total: 188 creatures vanquished

Notes
Turn   | Place    | Note
-------+----------+-------------------------------------------
     0 | D:1      | jasper the Mummy Necromancer began the quest for the Orb.
     0 | D:1      | Reached XP level 1. HP: 13/13 MP: 4/4
   236 | D:1      | You fall into a shaft and drop 1 floor!
   359 | D:2      | Reached XP level 2. HP: 11/20 MP: 1/6
   705 | D:1      | Reached skill level 1 in Fighting
   705 | D:1      | Gained mutation: You are in touch with the powers of death.
                  | [Mummy growth]
   705 | D:1      | Reached XP level 3. HP: 26/26 MP: 3/7
   715 | D:1      | Reached skill level 1 in Polearms
   720 | D:1      | Learned a level 3 spell: Vampiric Draining
  1359 | D:2      | Noticed Robin
  1405 | D:2      | Killed Robin
  1559 | D:2      | Found a faded altar of an unknown god.
  1573 | D:2      | Reached XP level 4. HP: 31/32 MP: 8/8
  1576 | D:2      | Prayed at the altar of an unknown god.
  1576 | D:2      | Became a worshipper of Hepliaklqana the Forgotten
  1576 | D:2      | Reached * piety under Hepliaklqana
  2187 | D:2      | Learned a level 4 spell: Animate Dead
  2197 | D:2      | Found a blossoming altar of Fedhas.
  2436 | D:3      | Reached ** piety under Hepliaklqana
  2437 | D:3      | Remembered your ancestor Anedjib as a knight
  2569 | D:3      | Reached skill level 2 in Polearms
  2577 | D:3      | Reached XP level 5. HP: 28/34 MP: 9/9
  3025 | D:4      | Found a bloodstained altar of Trog.
  3027 | D:4      | Identified the +3 leather armour "Moumm" {Drain rF+ rC+
                  | Int+7 Dex-3}
  3448 | D:4      | Reached XP level 6. HP: 15/41 MP: 3/10
  3452 | D:4      | Reached skill level 3 in Polearms
  3666 | D:4      | Reached skill level 1 in Armour
  3758 | D:4      | Reached skill level 5 in Necromancy
  3758 | D:4      | Found a burning altar of Makhleb.
  3844 | D:5      | Entered Level 5 of the Dungeon
  3937 | D:5      | Reached *** piety under Hepliaklqana
  3961 | D:5      | Reached XP level 7. HP: 46/46 MP: 11/11
  3986 | D:5      | Reached skill level 4 in Polearms
  4197 | D:5      | Reached XP level 8. HP: 14/54 MP: 5/12
  4395 | D:5      | Found a transporter.
  4395 | D:5      | Noticed bearlyready's ghost (novice GnRe)
  4549 | D:5      | Found a blossoming altar of Fedhas.
  4554 | D:5      | Found an ancient bone altar of Kikubaaqudgha.
  4605 | D:5      | Noticed a two-headed ogre
  4780 | D:6      | Noticed Pikel
  4796 | D:6      | Killed Pikel
  4797 | D:6      | Reached skill level 5 in Polearms
  4904 | D:6      | Reached skill level 6 in Polearms
  5125 | D:6      | Reached skill level 5 in Fighting
  5336 | D:6      | Found a shimmering blue altar of Sif Muna.
  5357 | D:6      | Reached XP level 9. HP: 56/61 MP: 13/13
  5667 | D:6      | Found a staircase to the Ecumenical Temple.
  6126 | D:7      | Found a transporter.
  6127 | D:7      | Found a transporter.
  6132 | D:7      | Reached **** piety under Hepliaklqana
  6404 | D:7      | Found a one-way gate to the infinite horrors of the Abyss.
  6404 | D:7      | Noticed superbruh's ghost (novice MiFi)
  6665 | D:7      | Reached skill level 7 in Polearms
  6758 | D:7      | Identified the +4 chain mail of Qijoaxum {Rampage rF++
                  | Dex-2 SInv}
  7152 | D:7      | Found a runed translucent door.
  7153 | D:7      | Noticed Crazy Yiuf
  7403 | D:7      | Killed Crazy Yiuf
  7819 | D:8      | Found an opulent altar of Gozag.
  8045 | D:8      | Noticed an orange demon
  8066 | D:8      | Killed an orange demon
  8141 | D:8      | Noticed Amaemon
  8166 | D:8      | HP: 2/63 [Amaemon/-1 demon whip of venom (9)]
  8166 | D:8      | Slain by Amaemon

Illustrated notes

Levels and vault maps discovered:
D:1:      erik_arrival_blinker_ship, layout_loops_cross,
          minmay_misc_feat_enclosed
D:2:      layout_loops_corners, basic_ecumenical_altar, basic_altar,
          minmay_misc_feat_rugged, uniq_robin
D:3:      layout_loops_ring
D:4:      layout_rooms, mainiacjoe_overflow_paths, makhleb_heckhound_becter,
          minivault_24
D:5:      layout_rooms, zin_statuary, yredelemnul_forgotten_temple_becter,
          nicolae_overflow_crystal_walls,
          grunt_temple_overflow_growth_and_decay,
          nicolae_hepliaklqana_hippocampus, gammafunk_ghost_mausoleum,
          serial_shops, nicolae_shop_trees
D:6:      layout_loops_ring, kennysheep_orc_sif_temple,
          minmay_temple_entry_trees, uniq_pikel
D:7:      layout_basic, enter_bailey_5, gammafunk_ghost_abyssal_escape,
          minmay_misc_feat_roman, the_hattery, uniq_crazy_yiuf_cottage
D:8:      minmay_octagon_keep, layout_cave_pods, amcnicky_altar_gilded,
          hangedman_decor_slide_cut, uniq_amaemon

Skill      XL: |  1  2  3  4  5  6  7  8  9 |
---------------+----------------------------+-----
Spellcasting   | 3 |  3.0
Fighting       | 1 2 3 5 6 |  6.3
Polearms       | 1 2 3 4 6 7 |  7.7
Dodging        | 2 |  2.3
Armour         | 1 2 3 4 |  4.8
Necromancy     | 5 6 |  6.0
Stealth        | |  1.5

Action                     |  1- 3 |  4- 6 |  7- 9 || total
---------------------------+-------+-------+-------++-------
  Melee: Spear             |     7 |       |       ||     7
         Rapier            |    37 |   145 |   244 ||   426
         Trident           |       |     7 |    42 ||    49
         Punch             |       |     2 |     6 ||     8
   Cast: Necrotise         |    55 |       |       ||    55
         Vampiric Draining |       |     3 |     8 ||    11
         Animate Dead      |       |       |     1 ||     1
 Invoke: Ancestor Life: Kn |       |     1 |       ||     1
         Recall Ancestor   |       |       |     1 ||     1
  Evoke: Wand              |       |       |     2 ||     2
    Use: Scroll            |     2 |     2 |     3 ||     7
   Stab: Sleeping          |       |     9 |       ||     9
         Distracted        |       |       |     2 ||     2
 Armour: Robe              |    16 |    18 |       ||    34
         Leather armour    |       |    34 |   153 ||   187
  Dodge: Dodged            |    34 |   105 |   179 ||   318

Table legend: (Time is in decaauts)
 A = Elapsed time spent in this place.
 B = Non-inter-level travel time spent in this place.
 C = Inter-level travel time spent in this place.
 D = Time resting spent in this place.
 E = Time spent auto-exploring this place.
 F = Levels seen in this place.
 G = Mean time per level.
                   A        B        C        D        E       F      G
               +--------+--------+--------+--------+--------+-----+--------+
         Total |   8250 |   7987 |    263 |    472 |   5923 |   8 | 1031.2 |
       Dungeon |   8250 |   7987 |    263 |    472 |   5923 |   8 | 1031.2 |
               +--------+--------+--------+--------+--------+-----+--------+

Top non-repeatable levels by time:
     D:7: 1508 daAuts
     D:6: 1293 daAuts
     D:2: 1202 daAuts
     D:1: 1092 daAuts
     D:4: 1035 daAuts
     D:5: 813 daAuts
     D:3: 681 daAuts
     D:8: 624 daAuts
